 Dungeon Crawl Stone Soup version 0.16-a0-4020-g6ff35b5 (console) character file.

39 mudo the Insei (level 3, 0/25 HPs)
             Began as a Vampire Transmuter on Feb 17, 2015.
             Slain by a kobold (3 damage)
             ... on level 2 of the Dungeon.
             The game lasted 00:05:21 (998 turns).

mudo the Insei (Vampire Transmuter)                  Turns: 998, Time: 00:05:21

Health: 0/25       AC:  2    Str:  9    XL:     3   Next: 28%
Magic:  6/6        EV: 12    Int: 16    God:
Gold:   55         SH:  0    Dex: 14    Spells: 1 memorised, 5 levels left

rFire  . . .     SeeInvis +       - Unarmed
rCold  . . .     Clarity  .     c - +0 robe
rNeg   . . .     SustAb   .     (no shield)
rPois  .         Gourm    .     (no helmet)
rElec  .         Spirit   .     (no cloak)
rCorr  .         Warding  .     (no gloves)
rMut   .         Stasis   .     (no boots)
MR     .....                    (no amulet)
Stlth  +.........               (no ring)
                                (no ring)

@: regenerating quickly, not resistant to hostile enchantments, very unstealthy
A: bottle blood, fangs 3, see invisible, unbreathing
a: no special abilities


You were on level 2 of the Dungeon.
You were very full.

You visited 1 branch of the dungeon, and saw 2 of its levels.

You collected 55 gold pieces.


   Skills:
 - Level 0.8 Fighting
 - Level 2.1 Dodging
 + Level 4.8 Unarmed Combat
 - Level 2.0 Spellcasting
 - Level 2.1 Transmutations


You had 5 spell levels left.
You knew the following spells:

 Your Spells              Type           Power        Failure   Level  Hunger
a - Beastly Appendage     Trmt           #.....       10%         1    #......


Dungeon Overview and Level Annotations

Branches:
Dungeon (2/15)

Altars:
Makhleb

Annotations:
D:2 Sigmund


Innate Abilities, Weirdness & Mutations

Your natural rate of healing is unusually fast.
You can bottle blood from corpses.
You have razor-sharp teeth.
You have supernaturally acute eyesight.
You can survive without breathing.

Inventory:

Missiles
 b - 12 arrows
 i - 19 stones (quivered)
Armour
 c - a +0 robe (worn)
Jewellery
 g - an uncursed ring of protection from fire {unknown}
Magical devices
 o - a wand of confusion (12)
Scrolls
 h - 2 scrolls of identify {unknown}
 k - 2 scrolls of enchant armour {unknown}
 l - a scroll of remove curse {unknown}
 n - a scroll of teleportation {unknown}
Potions
 a - 2 potions of blood {@*1}
 e - a potion of haste {unknown}
 f - a potion of resistance {unknown}
 j - a potion of might {unknown}
 m - 3 potions of curing {unknown}
Books
 d - a book of Changes

   Spells                             Type                      Level
   a - Beastly Appendage              Transmutation                1
   b - Sticks to Snakes               Transmutation                2
   c - Spider Form                    Transmutation/Poison         3
   d - Ice Form                       Ice/Transmutation            4
   e - Blade Hands                    Transmutation                5


Message History

a stone; a club The kobold closely misses you.
You see here a spear.
You barely miss the kobold. The kobold hits you but does no damage.
You barely miss the kobold. The kobold misses you.
You hit the kobold.
The kobold is moderately wounded.
The kobold hits you.
* * * LOW HITPOINT WARNING * * *
You barely miss the kobold.
The kobold is moderately wounded.
The kobold barely misses you.
You closely miss the kobold.
The kobold is moderately wounded.
The kobold hits you.
* * * LOW HITPOINT WARNING * * *
You hit the kobold.
The kobold is almost dead.
The kobold hits you.
You die...

####### #.....#
#.....# #.....#
#...%(#
#....V#######
#.....K.....#######
#......[....##....#
#...........##....#
#.............(...#
######......##....#
#.##...##.(.K#
#.###..##.......>
### ##.##..>.##..


You could see a kobold.

Action                   || total
-------------------------++-------
Melee: Unarmed           ||   120
 Cast: Beastly Appendage ||     4
  Eat: Corpse            ||     8

Vault maps used:
D:1:      minmay_arrival_jagged, minmay_misc_feat_plants
D:2:      minitemple, first_bread, hangedman_feature_mirror, uniq_jessica,
          uniq_terence, uniq_sigmund

Vanquished Creatures
  An adder (D:2)
  A giant gecko (D:1)
  An ooze (D:1)
  3 bats (D:1)
  2 giant cockroaches (D:1)
  A goblin (D:2)
  4 hobgoblins
  5 kobolds (D:1)
  2 giant newts (D:1)
  7 rats (D:1)
27 creatures vanquished.

Table legend:
 A = Kills in this place as a percentage of kills in entire the game.
 B = Kills by you in this place as a percentage of kills by you in the entire game.
 C = Kills by friends in this place as a percentage of kills by friends in the entire game.
 D = Other kills in this place as a percentage of other kills in the entire game.
 E = Experience gained in this place as a percentage of experience gained in the entire game.
 F = Experience gained in this place divided by the number of levels of this place that you have seen.
                   A       B       C       D       E      F
               +-------+-------+-------+-------+-------+----------------------
         Total | 100.0 | 100.0 |  -nan |  -nan | 100.0 |  28.5
       Dungeon | 100.0 | 100.0 |  -nan |  -nan | 100.0 |  28.5
               +-------+-------+-------+-------+-------+----------------------

Table legend:
 A = Turns spent in this place as a percentage of turns spent in the entire game.
 B = Non-inter-level travel turns spent in this place as a percentage of non-inter-level travel turns spent in the entire game.
 C = Inter-level travel turns spent in this place as a percentage of turns spent in this place.
 D = Turns resting spent in this place as a percentage of non-inter-level travel turns spent in this place.
 E = Turns spent auto-exploring this place as a percentage of non-inter-level travel turns spent in this place.
 F = Non-inter-level travel turns spent in this place divided by the number of levels of this place that you've seen.
                   A       B       C       D       E      F
               +-------+-------+-------+-------+-------+----------------------
         Total | 100.0 | 100.0 |   1.0 |   2.2 |   9.2 | 201.5
       Dungeon | 100.0 | 100.0 |   1.0 |   2.2 |   9.2 | 201.5
               +-------+-------+-------+-------+-------+----------------------

Notes
Turn   | Place    | Note
--------------------------------------------------------------
     0 | D:1      | mudo, the Vampire Transmuter, began the quest for the Orb.
     0 | D:1      | Reached XP level 1. HP: 14/14 MP: 3/3
   159 | D:1      | Reached XP level 2. HP: 17/20 MP: 4/4
   205 | D:1      | Reached skill level 4 in Unarmed Combat
   385 | D:1      | HP: 3/20 [hobgoblin (3)]
   851 | D:2      | Found a burning altar of Makhleb.
   853 | D:2      | Noticed Sigmund
   963 | D:2      | Reached XP level 3. HP: 25/25 MP: 4/6
   991 | D:2      | HP: 5/25 [kobold/stone (2)]
   997 | D:2      | HP: 3/25 [kobold (1)]
   998 | D:2      | Slain by a kobold
